[ AOE2 MATCH · #506458846 ]
UnrankedPersians vs Goths
Player's team · WIN
Rival team · LOSS
[ REPLAY ANALYSIS · EXTRACTED FROM THE RECORDED GAME ]
Feudal
8:25
Castle
19:30
Imperial
36:13
| APM avg | 64.2 |
| APM peak | 104 |
| eAPM avg | 35.7 |
| Villagers / military | 162 / 81 |
Focus
⚔️ 33.4% · 🌾 66.6%
Knight ×30 · Hand Cannoneer ×21 · Skirmisher ×9 · Monk ×6 · Scout Cavalry ×6 · Cavalry Archer ×4
Feudal
8:51
Castle
21:18
Imperial
34:13
| APM avg | 48.8 |
| APM peak | 97 |
| eAPM avg | 28.1 |
| Villagers / military | 213 / 134 |
Focus
⚔️ 33.1% · 🌾 66.9%
Huskarl ×99 · Spearman ×21 · Militia ×7 · Trebuchet (Packed) ×6 · Monk ×1
Match map
Initial resources + every placement click. Lines = walls · curves = elevation contours. ◆ gold · ⬟ stone · ● berries · ✦ relic · ◌ wall gap
Your base· ✓ Closed at 19:30 · 35t walls · 2 gate(s)
Attila Empires's base· ✓ Closed at 21:18 · 74t walls · no gate
Smoothed initial terrain · ◌ = detected wall gap · hover for details
Inputs per minute
— CNZS_迷你车仁 - - Attila Empires
Build order — CNZS_迷你车仁
First 150 of 437 actions detected
| 0:00 | Queue | Villager (Male) |
| 0:00 | Queue | Villager (Male) |
| 0:02 | Build | House |
| 0:02 | Build | House |
| 0:07 | Queue | Villager (Male) |
| 0:07 | Queue | Villager (Male) |
| 0:08 | Queue | Villager (Male) |
| 1:28 | Queue | Villager (Male) |
| 1:28 | Queue | Villager (Male) |
| 1:51 | Build | Lumber Camp |
| 1:55 | Queue | Villager (Male) |
| 2:17 | Queue | Villager (Male) |
| 2:36 | Queue | Villager (Male) |
| 2:37 | Queue | Villager (Male) |
| 3:06 | Queue | Villager (Male) |
| 3:06 | Queue | Villager (Male) |
| 3:16 | Build | House |
| 3:18 | Build | House |
| 3:27 | Queue | Villager (Male) |
| 3:27 | Queue | Villager (Male) |
| 4:00 | Build | Mill |
| 4:10 | Queue | Villager (Male) |
| 4:11 | Queue | Villager (Male) |
| 4:11 | Queue | Villager (Male) |
| 4:17 | Build | Palisade Wall |
| 4:31 | Queue | Villager (Male) |
| 5:13 | Research | Loom |
| 6:13 | Research | Feudal Age |
| 6:36 | Build | Palisade Wall |
| 7:27 | Build | Barracks |
| 7:35 | Queue | Villager (Male) |
| 7:44 | Build | Palisade Wall |
| 7:58 | Queue | Villager (Male) |
| 8:25 | Age | Feudal Age |
| 8:31 | Build | Stable |
| 8:47 | Build | House |
| 8:51 | Build | Palisade Wall |
| 8:58 | Queue | Villager (Male) |
| 9:01 | Build | House |
| 9:20 | Research | Double-Bit Axe |
| 9:29 | Queue | Villager (Male) |
| 9:32 | Build | House |
| 9:33 | Queue | Scout Cavalry |
| 9:33 | Queue | Scout Cavalry |
| 9:37 | Build | Palisade Wall |
| 9:39 | Build | Palisade Wall |
| 9:41 | Build | Palisade Wall |
| 9:43 | Build | Palisade Wall |
| 9:44 | Build | Palisade Wall |
| 9:47 | Build | Palisade Wall |
| 9:49 | Build | Palisade Wall |
| 9:53 | Build | Palisade Wall |
| 10:00 | Queue | Villager (Male) |
| 10:05 | Build | Farm |
| 10:06 | Build | Farm |
| 10:15 | Queue | Scout Cavalry |
| 10:18 | Build | Farm |
| 10:20 | Build | Farm |
| 10:27 | Build | House |
| 10:39 | Build | Palisade Gate |
| 10:46 | Queue | Villager (Male) |
| 10:57 | Queue | Villager (Male) |
| 10:59 | Build | Archery Range |
| 11:26 | Build | Farm |
| 11:26 | Build | Farm |
| 11:30 | Queue | Villager (Male) |
| 11:36 | Queue | Villager (Male) |
| 11:44 | Queue | Villager (Male) |
| 11:55 | Build | House |
| 11:56 | Queue | Skirmisher |
| 12:07 | Build | Farm |
| 12:17 | Build | Farm |
| 12:38 | Queue | Villager (Male) |
| 12:44 | Build | Farm |
| 12:45 | Build | House |
| 12:53 | Queue | Skirmisher |
| 13:26 | Build | Palisade Wall |
| 13:29 | Queue | Villager (Male) |
| 13:31 | Build | Farm |
| 13:33 | Build | Farm |
| 13:34 | Queue | Villager (Male) |
| 13:50 | Build | Farm |
| 13:51 | Queue | Villager (Male) |
| 13:52 | Queue | Skirmisher |
| 13:53 | Queue | Skirmisher |
| 14:00 | Build | Palisade Wall |
| 14:05 | Build | House |
| 14:15 | Queue | Villager (Male) |
| 14:23 | Build | Mining Camp |
| 14:30 | Queue | Villager (Male) |
| 14:38 | Queue | Villager (Male) |
| 14:40 | Build | Farm |
| 15:07 | Queue | Villager (Male) |
| 15:27 | Queue | Villager (Male) |
| 15:29 | Build | Farm |
| 15:38 | Build | House |
| 15:39 | Build | Palisade Gate |
| 16:11 | Build | Farm |
| 16:16 | Build | Farm |
| 16:27 | Build | Archery Range |
| 16:28 | Build | House |
| 16:42 | Queue | Villager (Male) |
| 16:56 | Research | Castle Age |
| 17:03 | Queue | Skirmisher |
| 17:03 | Queue | Skirmisher |
| 17:20 | Build | Lumber Camp |
| 17:28 | Queue | Skirmisher |
| 17:34 | Queue | Scout Cavalry |
| 17:51 | Research | Horse Collar |
| 17:51 | Research | Horse Collar |
| 18:30 | Build | Blacksmith |
| 18:33 | Queue | Skirmisher |
| 18:34 | Queue | Skirmisher |
| 18:34 | Queue | Villager (Male) |
| 18:35 | Queue | Scout Cavalry |
| 19:13 | Research | Fletching |
| 19:30 | Age | Castle Age |
| 19:36 | Build | Town Center |
| 19:37 | Queue | Villager (Male) |
| 19:41 | Queue | Knight |
| 19:41 | Queue | Knight |
| 20:01 | Research | Bodkin Arrow |
| 20:01 | Research | Bodkin Arrow |
| 20:16 | Queue | Villager (Male) |
| 20:16 | Queue | Villager (Male) |
| 20:20 | Build | Farm |
| 20:21 | Build | Farm |
| 20:34 | Queue | Villager (Male) |
| 20:35 | Queue | Villager (Male) |
| 20:51 | Queue | Knight |
| 20:51 | Queue | Knight |
| 21:03 | Queue | Villager (Male) |
| 21:07 | Queue | Cavalry Archer |
| 21:07 | Queue | Cavalry Archer |
| 21:07 | Queue | Cavalry Archer |
| 21:08 | Queue | Cavalry Archer |
| 21:15 | Queue | Villager (Male) |
| 21:37 | Queue | Villager (Male) |
| 21:40 | Build | House |
| 21:55 | Queue | Villager (Male) |
| 21:57 | Build | Monastery |
| 21:58 | Queue | Villager (Male) |
| 22:13 | Research | Bow Saw |
| 22:13 | Research | Bow Saw |
| 22:23 | Queue | Villager (Male) |
| 22:24 | Queue | Monk |
| 22:24 | Queue | Monk |
| 22:26 | Build | House |
| 22:30 | Build | Mining Camp |
| 22:33 | Build | Mining Camp |
Build order — Attila Empires
First 150 of 440 actions detected
| 0:00 | Queue | Villager (Male) |
| 0:00 | Queue | Villager (Male) |
| 0:02 | Build | House |
| 0:02 | Build | House |
| 0:06 | Queue | Villager (Male) |
| 0:06 | Queue | Villager (Male) |
| 1:25 | Queue | Villager (Male) |
| 2:04 | Build | Lumber Camp |
| 2:04 | Queue | Villager (Male) |
| 2:12 | Queue | Villager (Male) |
| 2:44 | Queue | Villager (Male) |
| 2:44 | Queue | Villager (Male) |
| 3:02 | Queue | Villager (Male) |
| 3:02 | Queue | Villager (Male) |
| 3:35 | Queue | Villager (Male) |
| 3:51 | Build | House |
| 3:58 | Queue | Villager (Male) |
| 3:58 | Queue | Villager (Male) |
| 4:14 | Queue | Villager (Male) |
| 4:26 | Queue | Villager (Male) |
| 4:26 | Queue | Villager (Male) |
| 4:54 | Queue | Villager (Male) |
| 4:55 | Queue | Villager (Male) |
| 5:06 | Build | Barracks |
| 5:33 | Queue | Villager (Male) |
| 5:33 | Queue | Villager (Male) |
| 5:33 | Queue | Villager (Male) |
| 5:34 | Queue | Villager (Male) |
| 5:39 | Queue | Villager (Male) |
| 5:39 | Queue | Villager (Male) |
| 5:45 | Build | House |
| 5:49 | Build | Palisade Wall |
| 6:09 | Research | Loom |
| 6:36 | Research | Feudal Age |
| 6:37 | Research | Feudal Age |
| 6:56 | Queue | Militia |
| 6:56 | Queue | Militia |
| 6:56 | Queue | Militia |
| 7:35 | Queue | Militia |
| 7:44 | Build | Mill |
| 8:02 | Queue | Villager (Male) |
| 8:07 | Build | House |
| 8:11 | Build | Palisade Wall |
| 8:14 | Queue | Villager (Male) |
| 8:51 | Age | Feudal Age |
| 8:55 | Research | Man-at-Arms (upgrade) |
| 8:56 | Research | Man-at-Arms (upgrade) |
| 9:15 | Queue | Villager (Male) |
| 9:26 | Queue | Spearman |
| 9:36 | Queue | Villager (Male) |
| 9:36 | Queue | Villager (Male) |
| 9:37 | Queue | Villager (Male) |
| 9:37 | Queue | Villager (Male) |
| 9:59 | Queue | Villager (Male) |
| 9:59 | Queue | Villager (Male) |
| 10:03 | Research | Horse Collar |
| 10:03 | Research | Horse Collar |
| 10:20 | Queue | Villager (Male) |
| 10:20 | Queue | Villager (Male) |
| 10:21 | Queue | Villager (Male) |
| 10:21 | Queue | Villager (Male) |
| 10:22 | Build | House |
| 10:46 | Queue | Villager (Male) |
| 10:46 | Queue | Villager (Male) |
| 10:49 | Build | Farm |
| 10:50 | Build | Farm |
| 10:52 | Build | Farm |
| 11:03 | Queue | Villager (Male) |
| 11:03 | Queue | Villager (Male) |
| 11:05 | Build | Farm |
| 11:27 | Queue | Villager (Male) |
| 11:29 | Queue | Spearman |
| 11:29 | Queue | Spearman |
| 11:49 | Queue | Spearman |
| 11:56 | Build | House |
| 11:57 | Build | House |
| 11:57 | Queue | Villager (Male) |
| 11:58 | Queue | Villager (Male) |
| 12:00 | Queue | Spearman |
| 12:07 | Queue | Villager (Male) |
| 12:10 | Build | Farm |
| 12:12 | Build | Farm |
| 12:22 | Queue | Villager (Male) |
| 12:23 | Queue | Villager (Male) |
| 12:40 | Queue | Villager (Male) |
| 12:40 | Queue | Villager (Male) |
| 12:59 | Build | Palisade Wall |
| 13:01 | Build | House |
| 13:02 | Build | Palisade Wall |
| 13:10 | Queue | Villager (Male) |
| 13:11 | Build | Farm |
| 13:12 | Build | Farm |
| 13:14 | Build | Farm |
| 13:15 | Build | Farm |
| 13:19 | Queue | Villager (Male) |
| 13:37 | Queue | Villager (Male) |
| 13:38 | Queue | Villager (Male) |
| 13:38 | Queue | Villager (Male) |
| 13:42 | Build | Palisade Wall |
| 13:56 | Queue | Villager (Male) |
| 14:00 | Build | Farm |
| 14:04 | Build | Mining Camp |
| 14:05 | Queue | Villager (Male) |
| 14:05 | Queue | Villager (Male) |
| 14:30 | Build | Palisade Wall |
| 14:35 | Build | Palisade Wall |
| 14:54 | Queue | Villager (Male) |
| 14:54 | Queue | Villager (Male) |
| 15:07 | Build | Palisade Wall |
| 15:14 | Build | Palisade Wall |
| 15:15 | Build | Palisade Wall |
| 15:17 | Queue | Villager (Male) |
| 15:18 | Queue | Villager (Male) |
| 15:18 | Queue | Villager (Male) |
| 15:18 | Queue | Villager (Male) |
| 15:29 | Build | Palisade Wall |
| 15:49 | Build | Farm |
| 15:50 | Build | Farm |
| 16:11 | Queue | Villager (Male) |
| 16:27 | Build | Palisade Wall |
| 16:36 | Research | Wheelbarrow |
| 16:48 | Build | Palisade Wall |
| 16:54 | Build | Market |
| 17:06 | Build | Lumber Camp |
| 17:39 | Build | Mining Camp |
| 17:54 | Build | House |
| 18:08 | Build | Blacksmith |
| 18:33 | Research | Castle Age |
| 18:33 | Research | Castle Age |
| 18:44 | Build | House |
| 18:48 | Build | House |
| 18:52 | Research | Double-Bit Axe |
| 18:52 | Research | Double-Bit Axe |
| 19:23 | Build | House |
| 19:58 | Build | House |
| 20:05 | Build | House |
| 20:06 | Build | House |
| 20:17 | Build | House |
| 20:37 | Build | House |
| 20:42 | Build | House |
| 20:55 | Build | House |
| 21:01 | Build | House |
| 21:10 | Queue | Villager (Male) |
| 21:11 | Queue | Villager (Male) |
| 21:11 | Queue | Villager (Male) |
| 21:18 | Age | Castle Age |
| 21:21 | Build | Castle |
| 21:26 | Queue | Villager (Male) |
| 21:32 | Build | Town Center |
| 21:57 | Build | Town Center |
Match timeline
| 4:17 | CNZS_迷你车仁 · wall_segment Palisade Wall x6 |
| 5:06 | Attila Empires · first_building Barracks |
| 5:49 | Attila Empires · wall_segment Palisade Wall x4 |
| 6:36 | CNZS_迷你车仁 · wall_segment Palisade Wall x11 |
| 7:27 | CNZS_迷你车仁 · first_building Barracks |
| 7:44 | CNZS_迷你车仁 · wall_segment Palisade Wall x3 |
| 8:11 | Attila Empires · wall_segment Palisade Wall x12 |
| 8:25 | CNZS_迷你车仁 · age_up feudal |
| 8:31 | CNZS_迷你车仁 · first_building Stable |
| 8:51 | CNZS_迷你车仁 · wall_segment Palisade Wall x1 |
| 8:51 | Attila Empires · age_up feudal |
| 9:37 | CNZS_迷你车仁 · wall_segment Palisade Wall x1 |
| 9:39 | CNZS_迷你车仁 · wall_segment Palisade Wall x1 |
| 9:41 | CNZS_迷你车仁 · wall_segment Palisade Wall x1 |
| 9:43 | CNZS_迷你车仁 · wall_segment Palisade Wall x2 |
| 9:44 | CNZS_迷你车仁 · wall_segment Palisade Wall x1 |
| 9:47 | CNZS_迷你车仁 · wall_segment Palisade Wall x1 |
| 9:49 | CNZS_迷你车仁 · wall_segment Palisade Wall x1 |
| 9:53 | CNZS_迷你车仁 · wall_segment Palisade Wall x1 |
| 10:59 | CNZS_迷你车仁 · first_building Archery Range |
| 12:59 | Attila Empires · wall_segment Palisade Wall x7 |
| 13:02 | Attila Empires · wall_segment Palisade Wall x1 |
| 13:26 | CNZS_迷你车仁 · wall_segment Palisade Wall x4 |
| 13:42 | Attila Empires · wall_segment Palisade Wall x7 |
| 14:00 | CNZS_迷你车仁 · wall_segment Palisade Wall x3 |
| 14:30 | Attila Empires · wall_segment Palisade Wall x7 |
| 14:35 | Attila Empires · wall_segment Palisade Wall x12 |
| 15:07 | Attila Empires · wall_segment Palisade Wall x1 |
| 15:14 | Attila Empires · wall_segment Palisade Wall x1 |
| 15:15 | Attila Empires · wall_segment Palisade Wall x1 |
| 15:29 | Attila Empires · wall_segment Palisade Wall x3 |
| 16:27 | Attila Empires · wall_segment Palisade Wall x6 |
| 16:48 | Attila Empires · wall_segment Palisade Wall x13 |
| 19:30 | CNZS_迷你车仁 · age_up castle |
| 21:18 | Attila Empires · age_up castle |
| 21:21 | Attila Empires · first_building Castle |
| 21:57 | CNZS_迷你车仁 · first_building Monastery |
| 29:06 | CNZS_迷你车仁 · first_market_buy 100 food |
| 29:20 | CNZS_迷你车仁 · first_building Castle |
| 31:38 | Attila Empires · first_building Monastery |
| 32:28 | CNZS_迷你车仁 · wall_segment Stone Wall x1 |
| 34:02 | Attila Empires · first_market_buy 100 stone |
| 34:13 | Attila Empires · age_up imperial |
| 34:46 | CNZS_迷你车仁 · wall_segment Stone Wall x9 |
| 36:06 | CNZS_迷你车仁 · first_building Siege Workshop |
| 36:13 | CNZS_迷你车仁 · age_up imperial |
| 38:03 | CNZS_迷你车仁 · first_market_sell 100 food |
| 39:57 | Attila Empires · first_market_sell 100 wood |
| 40:33 | Attila Empires · first_building Archery Range |
| 40:48 | Attila Empires · resign |
[ AI ANALYSIS · 1 CREDIT ]
What really happened in this match?
Wolo.gg analyzes every decision: build order, eco, micro, common mistakes by bracket. Personalized analysis on WhatsApp or Discord in 30 seconds.
Civ guide
Persians
Perfil
Jugador #5036165